 Dungeon Crawl Stone Soup version 0.20.0-10-g0535bb4 (webtiles) character file.

4963 kraftydee the Arsonist (level 10, -2/71 HPs)
             Began as a Hill Orc Fire Elementalist on June 6, 2017.
             Was a Priest of Vehumet.
             Slain by a yak (13 damage)
             ... on level 9 of the Dungeon.
             The game lasted 00:44:51 (10142 turns).

kraftydee the Arsonist (HOFE)                      Turns: 10142, Time: 00:44:51

Health: -2/71      AC:  9    Str: 14    XL:     10   Next: 53%
Magic:  5/19       EV: 12    Int: 23    God:    Vehumet [***...]
Gold:   373        SH:  0    Dex: 11    Spells: 2/21 levels left

rFire    + + .     SeeInvis .   H - staff of summoning
rCold    . . .     Gourm    .   (no shield)
rNeg     . . .     Faith    .   p - +1 leather armour "Remodo" {rF+ MR+ Str+2}
rPois    +         Spirit   .   (no helmet)
rElec    .         Reflect  .   s - +0 cloak
rCorr    .         Harm     .   h - +2 pair of gloves
MR       +....                  (no boots)
Stlth    ++........             (no amulet)
Regen    0.3/turn               i - ring of poison resistance
MPRegen  0.2/turn               f - ring of protection from fire

@: brilliant
A: no striking features
a: Renounce Religion


You were on level 9 of the Dungeon.
You worshipped Vehumet.
Vehumet was most pleased with you.
You were not hungry.

You visited 1 branch of the dungeon, and saw 9 of its levels.

You collected 373 gold pieces.

Inventory:

Armour
 a - a +0 robe
 h - a +2 pair of gloves (worn)
 p - the +1 leather armour "Remodo" (worn) {rF+ MR+ Str+2}
   (You found it on level 4 of the Dungeon)

   It affects your strength (+2).
   It protects you from fire.
   It affects your resistance to hostile enchantments.
 s - a +0 cloak (worn)
 t - the +5 scale mail "Byicy" {rF+ Regen+ Dex-4 Slay+2}
   (You found it on level 4 of the Dungeon)

   It affects your dexterity (-4).
   It affects your accuracy and damage with ranged weapons and melee attacks
   (+2).
   It protects you from fire.
   It increases your rate of regeneration.
Magical Staves
 H - an uncursed staff of summoning (weapon)
Jewellery
 f - a ring of protection from fire (right hand)
 i - a ring of poison resistance (left hand)
 x - an uncursed amulet of guardian spirit
Wands
 l - a wand of flame (19/48)
 n - a wand of acid (4/15)
 q - a wand of random effects (19/48)
 C - a wand of flame (22/48)
 D - a wand of polymorph (12/24)
 F - a wand of confusion (23/48)
 G - a wand of polymorph (17/24)
Scrolls
 d - a scroll of enchant weapon
 e - 7 scrolls of remove curse
 k - 2 scrolls of identify
 u - 2 scrolls of amnesia {unknown}
 y - a scroll of magic mapping
 E - a scroll of enchant armour
Potions
 o - a potion of curing
 w - a potion of lignification {unknown}
 z - a potion of mutation {unknown}
 A - a potion of invisibility {unknown}
 B - a potion of resistance
Books
 b - a book of Flames

   Spells                             Type                      Level
   a - Flame Tongue                   Conjuration/Fire             1
   b - Throw Flame                    Conjuration/Fire             2
   c - Conjure Flame                  Conjuration/Fire             3
   d - Inner Flame                    Hexes/Fire                   3
   e - Sticky Flame                   Conjuration/Fire             4
   f - Fireball                       Conjuration/Fire             5
Comestibles
 c - 2 bread rations
 m - 3 fruits
 r - 2 royal jellies
 v - 2 meat rations


   Skills:
 - Level 1.0 Fighting
 + Level 4.9 Armour
 + Level 3.4 Dodging
 + Level 2.8 Stealth
 - Level 1.0 Unarmed Combat
 + Level 6.2 Spellcasting
 + Level 6.4 Conjurations
 * Level 10.1 Fire Magic
 + Level 1.3 Poison Magic
 + Level 1.1 Evocations


You had 2 spell levels left.
You knew the following spells:

 Your Spells              Type           Power        Failure   Level  Hunger
a - Flame Tongue          Conj/Fire      #####        1%          1    None
b - Throw Flame           Conj/Fire      ######       1%          2    None
c - Conjure Flame         Conj/Fire      ######..     1%          3    #......
d - Inner Flame           Hex/Fire       #####...     1%          3    #......
e - Fireball              Conj/Fire      ######....   1%          5    #####..
f - Sting                 Conj/Pois      ####         1%          1    None
g - Sticky Flame          Conj/Fire      ######..     1%          4    ###....


Dungeon Overview and Level Annotations

Branches:
Dungeon (9/15)             Temple (0/1) D:4            Lair (0/6) D:8
    Orc: D:9-12

Altars:
Fedhas
Okawaru
Ru
Sif Muna
Vehumet

Shops:
D:7 [

Annotations:
D:6 Edmund


Message History

Evoke which item? (* to show all) (? for menu, Esc to quit)
Aiming: Corrosive Bolt
Press: ? - help, Shift-Dir - straight line, f - yak
Aim: a yak (moderately wounded)
The bolt of acid misses the yak.
The bolt of acid hits the hobgoblin zombie.
The hobgoblin zombie is splashed with acid.
You destroy the hobgoblin zombie!
Vehumet accepts your kill.
You feel your power returning.
The bolt of acid hits the yak.
The yak is splashed with acid.
The acid corrodes the yak!
The yak is heavily wounded.
This wand has 5 charges left.
Evoke which item? (* to show all) (? for menu, Esc to quit)
Aiming: Corrosive Bolt
Press: ? - help, Shift-Dir - straight line, f/p - yak
Aim: a yak (moderately wounded)
The bolt of acid misses the yak. x2; This wand has 4 charges left.
The yak gores you!
You die... #.Z..Z# ##........######.###### .ZZZ#

#.Z.a....'............
.ZW.#
#........######.######
ZZZ.###.. #........#
#)# ..ZZ....#
#........# #.#
....##### #####+####
#.# ##### #.# #.# ###
#.# #.#### ..## #@#
#....# #..# #Y#
######'### ##.## #.#
#.......... .<..# #Y#
#..>....... ....# #.#
#.......... ....# #.#
#.......>.. ....# #.#
+.......... ....###
... #..........
........ .#
#..........


You could see 2 yaks.

Vanquished Creatures
  A two-headed ogre (D:9)
  A cyclops (D:9)
  Sigmund (D:5)
  3 hungry ghosts
  3 yaks (D:9)
  A wyvern (D:9)
  2 ice beasts (D:5)
  3 porcupines (D:8)
  2 black bears
  4 wolves (D:8)
  4 ogres
  2 crocodiles (D:8)
  Blork the orc (D:5)
  A big kobold (D:7)
  2 bullfrogs (D:8)
  A scorpion (D:8)
  3 crimson imps
  A bullfrog zombie (D:7)
  5 hounds
  3 bullfrog skeletons
  Jessica (D:8)
  3 iguanas
  4 orc wizards
  Ijyb (D:5)
  3 worker ants
  3 ogre zombies (D:9)
  A hound zombie (D:9)
  A hound skeleton (D:8)
  A howler monkey skeleton (D:4)
  2 worker ant zombies (D:5)
  11 adders
  4 gnolls
  3 shadow imps
  An ooze (D:1)
  2 worms
  A dart slug (D:1)
  4 leopard geckos
  20 orcs
  A giant cockroach (D:3)
  10 goblins
  8 hobgoblins
  13 kobolds
  8 quokkas
  A ball python (D:2)
  5 bats
  4 frilled lizards
  A goblin skeleton (D:9)
  A goblin zombie (D:9)
  5 hobgoblin skeletons (D:9)
  2 hobgoblin zombies (D:9)
  A leopard gecko skeleton (D:6)
  4 orc skeletons (D:9)
  5 orc zombies (D:9)
  A quokka skeleton (D:5)
  3 rats
  A bush (D:8)
184 creatures vanquished.

Vanquished Creatures (others)
  7 fungi (D:8)
  2 plants (D:8)
9 creatures vanquished.

Grand Total: 193 creatures vanquished

Notes
Turn   | Place    | Note
-------+----------+-------------------------------------------
     0 | D:1      | kraftydee the Hill Orc Fire Elementalist began the quest for the Orb.
     0 | D:1      | Reached XP level 1. HP: 14/14 MP: 3/3
   305 | D:1      | Reached XP level 2. HP: 20/20 MP: 2/4
   402 | D:1      | Learned a level 2 spell: Throw Flame
   589 | D:1      | Reached XP level 3. HP: 23/26 MP: 0/6
   656 | D:1      | Learned a level 3 spell: Conjure Flame
  1337 | D:2      | Found a radiant altar of Vehumet.
  1408 | D:2      | Became a worshipper of Vehumet
  1443 | D:2      | Reached skill level 4 in Fire Magic
  1443 | D:2      | Reached XP level 4. HP: 33/33 MP: 3/7
  2034 | D:3      | Found an iron altar of Okawaru.
  2221 | D:3      | Noticed an ogre
  2248 | D:3      | Killed an ogre
  2248 | D:3      | Reached XP level 5. HP: 25/39 MP: 1/9
  3026 | D:4      | Reached XP level 6. HP: 38/46 MP: 2/10
  3211 | D:4      | Got a crude leather armour
  3223 | D:4      | Got a pitted scale mail
  3225 | D:4      | Identified the +1 leather armour "Remodo" {rF+ MR+ Str+2} (You found it on level 4 of the Dungeon)
  3226 | D:4      | Identified the +5 scale mail "Byicy" {rF+ Regen+ Dex-4 Slay+2} (You found it on level 4 of the Dungeon)
  3294 | D:4      | Found a blossoming altar of Fedhas.
  3351 | D:4      | Reached skill level 1 in Fighting
  3938 | D:4      | Reached * piety under Vehumet
  3938 | D:4      | Offered knowledge of Sting by Vehumet.
  3953 | D:4      | Learned a level 3 spell: Inner Flame
  4045 | D:4      | Found a staircase to the Ecumenical Temple.
  4328 | D:4      | Reached skill level 5 in Fire Magic
  4464 | D:5      | Entered Level 5 of the Dungeon
  4464 | D:5      | Noticed an ice beast
  4471 | D:5      | Killed an ice beast
  4471 | D:5      | Reached skill level 1 in Armour
  4471 | D:5      | Reached skill level 1 in Unarmed Combat
  4471 | D:5      | Reached XP level 7. HP: 34/52 MP: 5/12
  4712 | D:5      | Noticed Blork the orc
  4728 | D:5      | Killed Blork the orc
  4888 | D:5      | Noticed Ijyb
  4899 | D:5      | Killed Ijyb
  5256 | D:5      | Noticed Sigmund
  5273 | D:5      | Killed Sigmund
  5273 | D:5      | Reached skill level 6 in Fire Magic
  5273 | D:5      | Reached XP level 8. HP: 42/59 MP: 1/13
  5514 | D:5      | Learned a level 5 spell: Fireball
  5950 | D:6      | Noticed Edmund
  6466 | D:7      | Learned a level 1 spell: Sting
  6834 | D:7      | Offered knowledge of Throw Frost by Vehumet.
  7499 | D:7      | Reached ** piety under Vehumet
  7760 | D:7      | Found Mujo's Antique Armour Shop.
  7963 | D:7      | Found a sacrificial altar of Ru.
  8076 | D:8      | Reached skill level 7 in Fire Magic
  8076 | D:8      | Reached XP level 9. HP: 56/64 MP: 7/16
  8167 | D:8      | Reached skill level 5 in Spellcasting
  8854 | D:8      | Reached skill level 5 in Conjurations
  8855 | D:8      | Reached skill level 8 in Fire Magic
  8912 | D:8      | Found a staircase to the Lair.
  9069 | D:8      | Noticed Jessica
  9072 | D:8      | Killed Jessica
  9079 | D:8      | Found a deep blue altar of Sif Muna.
  9412 | D:9      | Noticed a cyclops
  9418 | D:9      | Killed a cyclops
  9418 | D:9      | Reached skill level 9 in Fire Magic
  9418 | D:9      | Reached skill level 1 in Poison Magic
  9418 | D:9      | Reached XP level 10. HP: 71/71 MP: 14/18
  9565 | D:9      | Offered knowledge of Dazzling Spray by Vehumet.
  9676 | D:9      | Learned a level 4 spell: Sticky Flame
  9859 | D:9      | Noticed a two-headed ogre
  9874 | D:9      | Killed a two-headed ogre
  9876 | D:9      | Reached *** piety under Vehumet
 10046 | D:9      | Reached skill level 1 in Evocations
 10140 | D:9      | Offered knowledge of Iskenderun's Mystic Blast by Vehumet.
 10140 | D:9      | Reached skill level 10 in Fire Magic
 10142 | D:9      | Slain by a yak

Skill      XL: |  1  2  3  4  5  6  7  8  9 10 |
---------------+-------------------------------+-----
Spellcasting   | 2 3 4 5 6 |  6.2
Fire Magic     | 4 5 6 7 9 10 | 10.1
Stealth        | 2 |  2.8
Conjurations   | 2 3 4 5 6 |  6.4
Dodging        | 2 3 |  3.4
Fighting       | 1 |  1.0
Armour         | 1 2 3 4 |  4.9
Unarmed Combat | 1 |  1.0
Poison Magic   | 1 |  1.3
Evocations     | 1 |  1.1

Action                   |  1- 3 |  4- 6 |  7- 9 | 10-12 || total
-------------------------+-------+-------+-------+-------++-------
Melee: Unarmed           |     3 |     4 |   158 |       ||   165
       Punch             |       |       |     1 |       ||     1
 Cast: Flame Tongue      |    47 |   126 |   266 |    82 ||   521
       Throw Flame       |     1 |     1 |     2 |       ||     4
       Conjure Flame     |       |     1 |     1 |     2 ||     4
       Sting             |       |       |    38 |       ||    38
       Fireball          |       |       |     3 |     4 ||     7
Evoke: Wand              |       |       |     9 |     8 ||    17
  Use: Scroll            |     4 |    12 |     7 |     3 ||    26
       Potion            |     1 |     6 |     2 |     2 ||    11
 Stab: Sleeping          |       |       |     1 |       ||     1
  Eat: Chunk             |     2 |     5 |    10 |       ||    17
       Bread ration      |       |     1 |     1 |     1 ||     3
       Meat ration       |       |       |     1 |     1 ||     2
       Royal jelly       |       |       |     1 |       ||     1
       Fruit             |       |       |     1 |       ||     1
Armor: Robe              |     9 |    11 |       |       ||    20
       Leather armour    |       |     8 |   103 |    11 ||   122
Dodge: Dodged            |     8 |    51 |   203 |    25 ||   287
